 Dungeon Crawl Stone Soup version 0.26-a0-652-gafc20e3620 (webtiles) character file.

Game seed: 10017078633097463918

52 P0NYSLAYSTATION the Grave Robber (level 3, -1/28 HPs)
             Began as a Hill Orc Necromancer on Oct 1, 2020.
             Succumbed to a worker ant's poison
             ... on level 3 of the Dungeon.
             The game lasted 00:07:35 (1957 turns).

P0NYSLAYSTATION the Grave Robber (HONe)             Turns: 1957, Time: 00:07:36

Health: -1/28      AC:  4    Str: 10    XL:     3   Next: 85%
Magic:  2/5        EV: 11    Int: 16    God:
Gold:   89         SH:  0    Dex: 11    Spells: 0/5 levels left

rFire    . . .     SeeInvis .   f - +0 long sword
rCold    . . .     Faith    .   (no shield)
rNeg     . . .     Spirit   .   d - +1 leather armour {MR+}
rPois    .         Reflect  .   (no helmet)
rElec    .         Harm     .   (no cloak)
rCorr    .         Rampage  .   (no gloves)
MR       +....                  (no boots)
Stlth    +.........             (no amulet)
HPRegen  0.09/turn              (no ring)
MPRegen  0.09/turn              (no ring)

@: lethally poisoned (-1 -> -18)
A: no striking features
a: no special abilities


You were on level 3 of the Dungeon.
You visited 1 branch of the dungeon, and saw 4 of its levels.

You collected 89 gold pieces.

Inventory:

Hand Weapons
 c - a +0 club
 f - a +0 long sword (weapon)
Missiles
 g - 51 stones (quivered)
 j - 53 sling bullets
Armour
 a - a +0 robe
 d - a +1 leather armour of magic resistance (worn)
Jewellery
 b - an uncursed amulet of guardian spirit {unknown}
 i - an uncursed ring of flight
 k - a cursed ring of teleportation {unknown}
Scrolls
 h - a scroll of noise {unknown}
 l - a scroll of teleportation {unknown}
 m - a scroll of fog {unknown}
Potions
 e - 2 potions of magic {unknown}
 n - a potion of stabbing {unknown}
 o - a potion of curing {unknown}


   Skills:
 * Level 1.4 Fighting
 + Level 0.4 Long Blades
 * Level 1.5 Armour
 + Level 1.6 Dodging
 + Level 1.6 Stealth
 + Level 1.7 Spellcasting
 + Level 4.5 Necromancy


You couldn't memorise any spells.
You knew the following spells:

 Your Spells              Type           Power        Failure   Level
a - Pain                  Necr           ###.         4%          1
b - Animate Skeleton      Necr           ###...       4%          1
c - Vampiric Draining     Necr           ###.......   13%         3

Your spell library contained the following spells:

 Spells                   Type           Power        Failure   Level
 Animate Dead             Necr           ###.......   41%         4
 Agony                    Necr           ###.....     77%         5


Dungeon Overview and Level Annotations

Branches:
Dungeon (4/15)
 Temple: D:4-7

Altars:
Makhleb
The Shining One

Annotations:
D:3 Terence


Message History

Press: ? - help, Shift-Dir - straight line, f - worker ant
Aim: a worker ant (heavily wounded)
The worker ant is severely wounded.
You feel life coursing into your body.
You feel sick. The worker ant closely misses you.
You riposte.
You closely miss the worker ant.
The worker ant is severely wounded.
Casting: Vampiric Draining (quite dangerous; 14% risk of failure)
Confirm with . or Enter, or press ? or * to list all spells.
You don't have enough magic to cast that spell.
You feel sick.
You feel sick.
* * * LOW HITPOINT WARNING * * *
You feel sick. The worker ant bites you.
* * * LOW HITPOINT WARNING * * *
* * * LOW HITPOINT WARNING * * *
You feel sick.
You slash the worker ant!
You kill the worker ant!
You die...

#...################
##.## #.# #.# #.#
#[#### #####
#....####...# ###
#...........# ....
#........@†.######..#
#.....####..w.....#
##...## #.####>##.#
##.## #.# #.# #.# #.#
#.# #.# #.# ... #.#
#.. ... .. #.# ._8_.
#.# .....


You could see a worm.

Vanquished Creatures
  A worker ant (D:3)
  A dart slug (D:1)
  A leopard gecko (D:1)
  4 goblins
  4 hobgoblins
  4 jackals (D:1)
  A ball python (D:2)
  6 bats
  A frilled lizard (D:1)
  A kobold (D:1)
  A rat (D:2)
25 creatures vanquished.

Notes
Turn   | Place    | Note
-------+----------+-------------------------------------------
     0 | D:1      | P0NYSLAYSTATION the Hill Orc Necromancer began the quest
                  | for the Orb.
     0 | D:1      | Reached XP level 1. HP: 14/14 MP: 3/3
    54 | D:1      | Learned a level 1 spell: Animate Skeleton
   473 | D:3      | Noticed Terence
   576 | D:1      | Reached XP level 2. HP: 22/22 MP: 2/4
  1222 | D:1      | Reached skill level 1 in Armour
  1222 | D:1      | Reached XP level 3. HP: 15/27 MP: 5/5
  1227 | D:1      | Learned a level 3 spell: Vampiric Draining
  1443 | D:1      | Reached skill level 1 in Fighting
  1924 | D:3      | Found a glowing golden altar of the Shining One.
  1925 | D:3      | Found a burning altar of Makhleb.
  1934 | D:4      | Noticed an ogre
  1956 | D:3      | HP: 1/28 [poisoned by a worker ant]
  1957 | D:3      | Succumbed to a worker ant's poison

Illustrated notes

Levels and vault maps discovered:
D:1:      sevenhm_arrival_forest_fort_small_6, layout_basic, interstate_on_off,
          minmay_tetromino_s4
D:2:      layout_basic
D:3:      layout_loops_ring, elyvilon_altar_3,
          chequers_temple_overflow_statue_of_worship, uniq_terence
D:4:      minmay_polygon_palace, layout_rooms, temple_pool_b, serial_shops,
          shop_statue

Skill      XL: |  1  2  3 |
---------------+----------+-----
Armour         | 1 |  1.5
Fighting       | 1 |  1.4
Long Blades    | |  0.4
Dodging        | |  1.6
Stealth        | |  1.6
Spellcasting   | |  1.7
Necromancy     | |  4.5

Action                   || total
-------------------------++-------
Melee: Unarmed           ||    16
       Long sword        ||    29
Throw: Stone             ||     6
 Cast: Pain              ||    22
       Animate Skeleton  ||     9
       Vampiric Draining ||     1
 Stab: Sleeping          ||     4
       Distracted        ||     2
Armor: Robe              ||     1
       Leather armour    ||    14
Dodge: Dodged            ||    45
       Rpst.: Long sword ||    13

Table legend: (Time is in decaauts)
 A = Elapsed time spent in this place.
 B = Non-inter-level travel time spent in this place.
 C = Inter-level travel time spent in this place.
 D = Time resting spent in this place.
 E = Time spent auto-exploring this place.
 F = Levels seen in this place.
 G = Mean time per level.
                   A        B        C        D        E       F      G
               +--------+--------+--------+--------+--------+-----+--------+
         Total |   1970 |   1831 |    139 |    232 |   1231 |   4 |  492.5 |
       Dungeon |   1970 |   1831 |    139 |    232 |   1231 |   4 |  492.5 |
               +--------+--------+--------+--------+--------+-----+--------+

Top non-repeatable levels by time:
     D:1: 1503 daAuts
     D:2: 389 daAuts
     D:3: 58 daAuts
     D:4: 19 daAuts
